 Dungeon Crawl Stone Soup version 0.31.0-11-ge490571c62 (webtiles) character file.

Game seed: 12895113704261994038

368 qw the Shooter (level 6, -1/32 HPs)
             Began as a Spriggan Hunter on Feb 5, 2024.
             Was an Initiate of Okawaru.
             Slain by an orc
             ... wielding a +0 club
              (3 damage)
             ... on level 4 of the Dungeon.
             The game lasted 00:01:05 (3488 turns).

qw the Shooter (Spriggan Hunter)                    Turns: 3488, Time: 00:01:06

Health: -1/32      AC:  2    Str:  6 (7)  XL:     6   Next: 41%
Magic:  7/7        EV: 25    Int:  9 (11) God:    Okawaru [......]
Gold:   219        SH:  0    Dex: 18 (20) Spells: 5/5 levels left

rFire   . . .        a - +0 shortbow
rCold   . . .        (shield currently unavailable)
rNeg    . . .        c - +0 robe
rPois   +            (helmet restricted)
rElec   .            (no cloak)
rCorr   .            (gloves unavailable)
SInv    +            (boots unavailable)
Will    +....        (no amulet)
Stlth   ++           e - +5 ring of evasion
HPRegen 0.25/turn    (no ring)
MPRegen 0.10/turn

%: no passive effects
@: very quick
A: very small, no large weapons, unfitting armour, see invisible, speed 3,
talons 1, poison resistance
a: Renounce Religion


You were on level 4 of the Dungeon.
You worshipped Okawaru.
Okawaru was noncommittal.
You visited 1 branch of the dungeon, and saw 4 of its levels.

You collected 219 gold pieces.


Innate Abilities, Weirdness & Mutations

You are very small and have problems with some larger weapons.
You are too small for most types of armour.
You have supernaturally acute eyesight. (SInv)
You cover ground extremely quickly. (Speed+++)
You have sharp toenails.
Your system is resistant to poisons. (rPois)


   Skills:
 - Level 3.0 Fighting
 - Level 6.0 Ranged Weapons
 + Level 5.5 Dodging
 - Level 1.5 Stealth


You had 5 spell levels left.
You didn't know any spells.
Your spell library was empty.

Inventory:

Hand Weapons
 a - a +0 shortbow (weapon)
Armour
 c - a +0 robe (worn)
Jewellery
 e - a +5 ring of evasion (left hand)
 l - the ring "Zigush" {Fly rN+ MP+9 Str-4}
   (You found it on level 3 of the Dungeon)

   [ring of magical power]

   Str-4:     It affects your strength (-4).
   rN+:       It protects you from negative energy.
   MP+9:      It affects your magic capacity (+9).
   Fly:       It grants you flight.
 n - a ring of ice
Wands
 b - a wand of flame (4)
Potions
 f - a potion of resistance {unknown}
 g - a potion of mutation
 i - a potion of ambrosia {unknown}
 j - a potion of curing
 k - a potion of attraction {unknown}
 m - a potion of magic {unknown}

Dungeon Overview and Level Annotations

Branches:
Dungeon (4/15)
 Temple: D:4-7

Altars:
Elyvilon
Okawaru
Trog
Uskayaw


Message History

You open the door.
There is an open door here.
An ogre and an orc come into view.
You see here 17 gold pieces.
Enter note:
Enter note:
Enter note:
Enter note: You shoot an arrow.
The arrow completely misses the ogre.
You shoot an arrow. The arrow barely misses the ogre.
You shoot an arrow. The arrow completely misses the ogre.
You shoot an arrow. The arrow hits the ogre.
The ogre is lightly wounded.
You shoot an arrow. The arrow hits the ogre!
The ogre is moderately wounded.
You shoot an arrow. The arrow hits the ogre.
The ogre is moderately wounded.
You shoot an arrow. The arrow hits the ogre.
The ogre is moderately wounded.
You shoot an arrow.
The arrow hits the ogre but does no damage.
The ogre is moderately wounded.
The ogre misses you. The orc hits you with a +0 club.
You shoot an arrow. The arrow hits the ogre.
The ogre is severely wounded.
The orc completely misses you. The ogre completely misses you.
You shoot an arrow.
The arrow hits the ogre but does no damage.
The ogre is heavily wounded.
The orc completely misses you.
You shoot an arrow. The arrow hits the ogre.
The ogre is severely wounded.
The ogre completely misses you. The orc misses you. The orc closely misses you.
You shoot an arrow. The arrow barely misses the ogre.
The ogre hits you with a +0 giant club!!
Ouch! That really hurt!
The orc closely misses you.
You shoot an arrow. The arrow barely misses the ogre.
The ogre closely misses you. The orc hits you with a +0 club.
You die...

*#####**#..#...##...##.>.
*......*####'#########...
*......* #.........,#...
*......* #.........,#...
*,.....#####...###..*#..#
****#..........#,,,,,...#
#.....#.......#,_.#.+
#...O.#.........,,,,#
****#...@.##..#####..#+##
*.......o..#..#,,,,......
*..........#..+,,,,......
*..........#..#,,,,......
*..........#..#,,,,......
*..........#***,,,,......
*....####...,,,,,,,######
*....* *....,,,,,,* #.
*,,,,* *,,,,,,,,,,* #.


You could see an ogre and an orc.

Vanquished Creatures
  A black bear (D:4)
  A howler monkey (D:4)
  An orc priest (D:4)
  An orc wizard (D:4)
  4 gnolls (D:4)
  4 adders
  4 ribbon worms
  A dart slug (D:1)
  4 orcs (D:4)
  2 ball pythons (D:3)
  9 endoplasms
  8 giant cockroaches
  8 goblins
  10 hobgoblins
  4 jackals (D:3)
  5 kobolds
  5 quokkas
  10 bats
  2 frilled lizards (D:1)
  6 rats
90 creatures vanquished.

Notes
Turn   | Place    | Note
-------+----------+-------------------------------------------
     0 | D:1      | qw the Spriggan Hunter began the quest for the Orb.
     0 | D:1      | Reached XP level 1. HP: 10/10 MP: 2/2
     0 | D:1      | 0 ||| qw: Version: 0.3-a-160-g6735b56
     0 | D:1      | 0 ||| qw: Game counter: 6272
     0 | D:1      | 0 ||| qw: Melee chars always use a shield: true
     0 | D:1      | 0 ||| qw: God list: Okawaru
     0 | D:1      | 0 ||| qw: Allow faded altars: false
     0 | D:1      | 0 ||| qw: Do Orc after clearing Dungeon:15 true
     0 | D:1      | 0 ||| qw: Do second Lair branch before Depths: true
     0 | D:1      | 0 ||| qw: Lair rune preference: random
     0 | D:1      | 0 ||| qw: Goals: Normal
     0 | D:1      | 0 ||| PLANNING D:1-11
    65 | D:1      | Reached skill level 3 in Dodging
    76 | D:1      | Reached XP level 2. HP: 14/14 MP: 3/3
   238 | D:1      | Found a faded altar of an unknown god.
   554 | D:1      | Reached XP level 3. HP: 18/18 MP: 4/4
  1184 | D:1      | 1184 ||| UPGRADING to +5 ring of evasion.
  1185 | D:1      | 1185 ||| READING scroll labelled YDILI FIR JAE.
  1185 | D:1      | 1185 ||| ENCHANTING +0 shortbow.
  1186 | D:1      | 1186 ||| DRINKING 3 white potions.
  1187 | D:1      | 1187 ||| DRINKING 2 red potions.
  1187 | D:1      | Gained mutation: You have hidden genetic potential. [potion
                  | of mutation]
  1188 | D:1      | 1188 ||| DROPPING scroll of butterflies.
  1243 | D:2      | 1243 ||| STAIRDANCE
  1436 | D:2      | Reached skill level 5 in Ranged Weapons
  1496 | D:2      | Reached XP level 4. HP: 22/22 MP: 5/5
  1502 | D:2      | You fall into a shaft and drop 1 floor!
  1515 | D:3      | 1515 ||| READING scroll labelled FAHUAPTEKUUDGH.
  1616 | D:3      | 1616 ||| READING 2 scrolls labelled WEN RIMMOETE.
  1617 | D:3      | 1617 ||| DROPPING scroll of poison.
  1619 | D:3      | 1619 ||| Stepping ~*~*~tactically~*~*~ (cloud).
  2324 | D:3      | Identified the ring "Zigush" {Fly rN+ MP+9 Str-4}
  2700 | D:3      | 2700 ||| UPGRADING to ring "Zigush" {Fly rN+ MP+9 Str-4}.
  2765 | D:3      | 2765 ||| DRINKING 2 puce potions.
  2818 | D:4      | Noticed a black bear
  2819 | D:4      | 2819 ||| ZAPPING wand of flame (14) at 2,1 (black bear;
                  | floor).
  2820 | D:4      | 2820 ||| ZAPPING wand of flame (13) at 1,1 (black bear;
                  | floor).
  2821 | D:4      | 2821 ||| ZAPPING wand of flame (12) at 1,1 (black bear;
                  | floor).
  2822 | D:4      | 2822 ||| ZAPPING wand of flame (11) at 1,1 (black bear;
                  | floor).
  2822 | D:4      | HP: 4/23 [black bear (2)]
  2823 | D:4      | 2823 ||| DRINKING 2 potions of heal wounds.
  2824 | D:4      | 2824 ||| ZAPPING wand of flame (10) at 1,1 (black bear;
                  | floor).
  2825 | D:4      | 2825 ||| ZAPPING wand of flame (9) at 1,1 (black bear;
                  | floor).
  2826 | D:4      | 2826 ||| ZAPPING wand of flame (8) at 1,1 (black bear;
                  | floor).
  2827 | D:4      | 2827 ||| ZAPPING wand of flame (7) at 1,1 (black bear;
                  | floor).
  2828 | D:4      | 2828 ||| ZAPPING wand of flame (6) at 1,1 (black bear;
                  | floor).
  2829 | D:4      | 2829 ||| ZAPPING wand of flame (5) at 1,1 (black bear;
                  | floor).
  2829 | D:4      | Killed a black bear
  2830 | D:4      | Reached skill level 3 in Fighting
  2830 | D:4      | Reached XP level 5. HP: 13/28 MP: 6/6
  2843 | D:4      | Gained mutation: Your system is resistant to poisons.
                  | (rPois) [hidden potential]
  3012 | D:4      | Found a hide-covered altar of Uskayaw.
  3094 | D:4      | Reached XP level 6. HP: 24/32 MP: 7/7
  3100 | D:4      | HP: 4/32 [orc priest/divine providence (12)]
  3101 | D:4      | 3101 ||| DRINKING potion of heal wounds.
  3113 | D:4      | Reached skill level 6 in Ranged Weapons
  3188 | D:4      | Gained mutation: You have sharp toenails. [hidden
                  | potential]
  3188 | D:4      | Lost mutation: You have hidden genetic potential. [hidden
                  | potential expressed]
  3211 | D:4      | HP: 5/32 [gnoll/+2 flail of protection (6)]
  3389 | D:4      | Found an iron altar of Okawaru.
  3390 | D:4      | 3390 ||| PLANNING OKAWARU WORSHIP
  3390 | D:4      | 3390 ||| READING scroll labelled AFFAZXYLEM.
  3391 | D:4      | 3391 ||| READING scroll labelled SUIKUXZ ONESTRE.
  3391 | D:4      | Found a bloodstained altar of Trog.
  3391 | D:4      | Found a white marble altar of Elyvilon.
  3392 | D:4      | 3392 ||| DRINKING 2 fizzy green potions.
  3393 | D:4      | 3393 ||| REMOVING ring "Zigush" {Fly rN+ MP+9 Str-4}.
  3394 | D:4      | 3394 ||| DROPPING potion of degeneration.
  3402 | D:4      | Became a worshipper of Warmaster Okawaru
  3403 | D:4      | 3403 ||| PLANNING D:1-11
  3487 | D:4      | HP: 2/32 [ogre/+0 giant club (30)]
  3488 | D:4      | Slain by an orc

Levels and vault maps discovered:
D:1:      dpeg_chamrin_arrival_tetris, layout_basic,
          dreamdust_ecumenical_altar_hidden_monk_grotto, minmay_hexomino_u4
D:2:      layout_loops_cross, serial_glass, glass_columns_b, glass_columns_b
D:3:      layout_loops_ring, dreamdust_mushroom_princess, chequers_mini_garden
D:4:      layout_gridville, mainiacjoe_overflow_tiny_flanked,
          grunt_temple_overflow_diamond, serial_shops,
          nicolae_shop_just_a_little_nook, minmay_checkerbox

Skill      XL: |  1  2  3  4  5  6 |
---------------+-------------------+-----
Dodging        | 3 4 5 |  5.5
Ranged Weapons | 5 6 |  6.0
Fighting       | 3 |  3.0
Stealth        | |  1.5

Action                     |  1- 3 |  4- 6 || total
---------------------------+-------+-------++-------
   Fire: Shortbow          |   126 |   159 ||   285
  Evoke: Wand              |       |    10 ||    10
    Use: Potion            |     2 |     4 ||     6
         Scroll            |     1 |     4 ||     5
 Armour: Robe              |    10 |    28 ||    38
  Dodge: Dodged            |    30 |   123 ||   153

Table legend:
 A = Non-vault XP
 B = Vault XP
 C = Vault XP percentage of total XP
 D = Non-vault monster count
 E = Vault monster count
 F = Vault count percentage of total count
                 A         B        C        D         E       F
            +---------+---------+-------+---------+---------+-------
      Total |     447 |      79 |  15.0 |      82 |       8 |   8.9
            +---------+---------+-------+---------+---------+-------
        D:1 |      50 |       5 |   9.1 |      26 |       4 |  13.3
        D:2 |      53 |       0 |   0.0 |      20 |       0 |   0.0
        D:3 |      42 |       0 |   0.0 |      15 |       0 |   0.0
        D:4 |     302 |      74 |  19.7 |      21 |       4 |  16.0
            +---------+---------+-------+---------+---------+-------
